 Dungeon Crawl Stone Soup version 0.31.0-11-ge490571c62 (webtiles) character file.

Game seed: 8485037851900564613

2835 Arex the Trooper (level 9, 0/72 HPs)
             Began as a Hill Orc Fighter on Jan 26, 2024.
             Was a Believer of Hepliaklqana.
             Slain by a killer bee (2 damage)
             ... on level 6 of the Dungeon on Jan 27, 2024.
             The game lasted 00:15:20 (8565 turns).

Arex the Trooper (Hill Orc Fighter)                 Turns: 8565, Time: 00:15:20

Health: 0/72       AC: 18    Str: 26    XL:     9   Next: 73%
Magic:  13/13      EV:  7    Int:  8    God:    Hepliaklqana [**....]
Gold:   377        SH:  5    Dex: 13    Spells: 8/8 levels left

rFire   . . .        C - +10 hammer "Qoev" {freeze, rElec rC++ Str+3 Dex+3}
rCold   + + .        b - +0 buckler
rNeg    . . .        g - +0 plate armour
rPois   .            (no helmet)
rElec   +            A - +2 cloak
rCorr   .            (no gloves)
SInv    .            x - +0 pair of boots
Will    .....        (no amulet) Stlth
                     (no ring)
HPRegen 0.32/turn    (no ring)
MPRegen 0.13/turn

%: no passive effects
@: lethally poisoned (0 -> -21)
A: reduced essence
a: Renounce Religion, Recall Ancestor, Ancestor Identity


You were on level 6 of the Dungeon.
You worshipped Hepliaklqana.
Hepliaklqana was pleased with you.
You visited 2 branches of the dungeon, and saw 8 of its levels.
You also visited: Ossuary.

You collected 377 gold pieces.

Inventory:

Hand Weapons
 s - a +1 club
 C - the +10 hammer "Qoev" (weapon) {freeze, rElec rC++ Str+3 Dex+3}
   (You found it on level 5 of the Dungeon)

   Str+3:     It affects your strength (+3).
   Dex+3:     It affects your dexterity (+3).
   rC++:      It greatly protects you from cold.
   rElec:     It insulates you from electricity.
Missiles
 i - 2 throwing nets (quivered)
Armour
 a - a +0 scale mail
 b - a +0 buckler (worn)
 g - a +0 plate armour (worn)
 x - a +0 pair of boots (worn)
 A - a +2 cloak (worn)
Jewellery
 m - a ring of ice
Wands
 e - a wand of paralysis (10)
 w - a wand of flame (23)
 y - a wand of polymorph (10)
 B - a wand of iceblast (5)
Scrolls
 f - a scroll of blinking
 h - a scroll of poison {unknown}
 k - a scroll of noise {unknown}
 o - a scroll of brand weapon {unknown}
 r - a scroll of revelation {unknown}
 v - a scroll of fog {unknown}
 z - a scroll of identify {unknown}
Potions
 c - 2 potions of might
 d - 2 potions of degeneration
 j - a potion of attraction {unknown}
 l - 3 potions of curing
 n - 2 potions of lignification {unknown}
 p - 5 potions of haste
 q - 2 potions of heal wounds {unknown}
 t - a potion of enlightenment {unknown}
 u - 3 potions of mutation {unknown}


   Skills:
 + Level 7.9 Fighting
 * Level 4.2 Maces & Flails
 + Level 7.3 Armour
 + Level 7.0 Shields
 - Level 6.1 Unarmed Combat
 + Level 6.3 Invocations


You had 8 spell levels left.
You didn't know any spells.
Your spell library was empty.

Dungeon Overview and Level Annotations

Branches:
Dungeon (7/15) Zot: 25025  Temple (1/1) D:4 Zot: 5981 Ossuary (visited)

Altars:
Ashenzari
Cheibriados
Dithmenos
Elyvilon
Fedhas
Gozag
Hepliaklqana
Kikubaaqudgha
Makhleb
Nemelex Xobeh
Okawaru
Qazlal
Ru
Sif Muna
Trog
Uskayaw
Vehumet
Wu Jian
Xom
Yredelemnul
Zin
The Shining One


Message History

The killer bee stings you.
The killer bee stings you but does no damage.
You block the killer bee's attack.
The killer bee stings you but does no damage.
The killer bee stings you.
You are more poisoned.
The killer bee poisons you! You block the killer bee's attack.
The killer bee barely misses you.
The killer bee stings you but does no damage.
Belanum barely misses the killer bee.
The killer bee stings you.
The killer bee stings you but does no damage.
You climb upwards.
You feel extremely sick.
There is a stone staircase leading down, spattered with blood here.
Unknown command.
You closely miss the killer bee.
You feel very sick. The killer bee closely misses you.
The killer bee stings you but does no damage.
The killer bee stings Belanum but does no damage.
The killer bee stings you.
* * * LOW HITPOINT WARNING * * *
You are lethally poisoned!
The killer bee poisons you!
Belanum blocks the killer bee's attack.
Belanum closely misses the killer bee.
The killer bee stings you.
* * * LOW HITPOINT WARNING * * *
You are more poisoned.
The killer bee poisons you! The killer bee closely misses you.
You bludgeon the killer bee!! You freeze the killer bee.
You kill the killer bee!
* * * LOW HITPOINT WARNING * * *
You feel extremely sick.
The killer bee stings Belanum.
The killer bee stings you but does no damage.
You block the killer bee's attack.
The killer bee stings Belanum.
The killer bee closely misses you. x2; Belanum closely misses the killer bee.
* * * LOW HITPOINT WARNING * * *
You feel extremely sick.
Belanum blocks the killer bee's attack. x2; The killer bee stings you.
You die...

#.._..##.##......<.#.# #.#
#.P.P..........###[#.# #.#
#........####.## #.#.# #.#
#.##.....# #.# #.#.# #.#
#.##.#..## #.# #.#.# #.#
#.##.#..# #.# #.#.# #.#
#.##.#..# #y# #.#.###.#
#.##.#..#####.####.......#
#.##.#.....@yyy...>......#
#.##.#.######R####..####.#
#.##....(.....# #..# #.#
#.####.######## #..# #.#
######.# #.# #########..# #.#
#......####.###..........####.#
))..............#######.......#
#[#########.............)######
#.# ##############g#


You could see the friendly Belanum the knight and 3 killer bees.

Vanquished Creatures
  Grinder (D:5)
  A steam dragon (D:7)
  Duvessa (D:6)
  A black bear (D:6)
  A sky beast (D:7)
  A centaur (D:6)
  A phantom (D:4)
  A brain worm (D:5)
  An elf zombie (Ossuary)
  Dowan (D:6)
  6 killer bees
  A howler monkey (D:6)
  A bombardier beetle (D:6)
  4 hounds
  3 human zombies (Ossuary)
  3 orc priests
  2 gnoll boudas
  2 jellies
  Crazy Yiuf (D:5)
  An iguana (D:6)
  3 orc wizards
  5 hound zombies (Ossuary)
  2 mummies (Ossuary)
  11 gnolls
  7 adders
  A white imp (D:6)
  7 adder zombies (Ossuary)
  A ribbon worm (D:2)
  11 orcs
  13 ball pythons
  3 endoplasms
  A giant cockroach (D:2)
  4 goblins
  6 hobgoblins
  6 jackals
  2 kobolds
  A quokka (D:2)
  6 bats
  7 frilled lizards
  5 gnoll zombies (Ossuary)
  6 jackal zombies (Ossuary)
  4 kobold zombies (Ossuary)
  6 orc zombies (Ossuary)
  5 rats
157 creatures vanquished.

Vanquished Creatures (collateral kills)
  Eustachio (D:5)
  A sky beast (D:7)
  2 black bears
  A scorpion (D:7)
  A killer bee (D:7)
  An orc priest (D:6)
  An orc wizard (D:5)
  5 gnolls
  3 orcs
  A jackal (D:5)
17 creatures vanquished.

Vanquished Creatures (others)
  5 ancestors
5 creatures vanquished.

Grand Total: 179 creatures vanquished

Notes
Turn   | Place    | Note
-------+----------+-------------------------------------------
     0 | D:1      | Arex the Hill Orc Fighter began the quest for the Orb.
     0 | D:1      | Reached XP level 1. HP: 19/19 MP: 1/1
   252 | D:1      | Reached XP level 2. HP: 22/27 MP: 2/2
   673 | D:1      | Reached XP level 3. HP: 28/33 MP: 3/3
  1912 | D:3      | Reached XP level 4. HP: 41/41 MP: 4/4
  2187 | D:3      | Found a burning altar of Makhleb.
  2187 | D:3      | Found a sparkling altar of Nemelex Xobeh.
  2188 | D:3      | Found a broken altar of Ashenzari.
  2272 | D:4      | Found a staircase to the Ecumenical Temple.
  2282 | Temple   | Entered the Ecumenical Temple
  2291 | Temple   | Became a worshipper of Hepliaklqana the Forgotten
  2481 | D:4      | Found a sand-covered staircase.
  2486 | Ossuary  | Entered an ossuary
  2530 | Ossuary  | Reached XP level 5. HP: 25/47 MP: 5/5
  2796 | Ossuary  | Reached skill level 5 in Fighting
  2807 | Ossuary  | Reached XP level 6. HP: 55/56 MP: 6/6
  3050 | Ossuary  | Reached skill level 5 in Armour
  3050 | Ossuary  | Reached skill level 1 in Invocations
  3300 | D:4      | Reached XP level 7. HP: 49/61 MP: 8/8
  3599 | D:5      | Entered Level 5 of the Dungeon
  3599 | D:5      | Noticed Grinder
  3819 | D:5      | Noticed Eustachio
  4090 | D:5      | Reached * piety under Hepliaklqana
  4175 | D:5      | Reached skill level 5 in Shields
  4217 | D:5      | Killed Eustachio
  4286 | D:5      | Noticed a yak
  4286 | D:5      | Noticed a yak
  4286 | D:5      | Noticed a yak
  4286 | D:5      | Noticed a yak
  4286 | D:5      | Noticed a yak
  4418 | D:6      | Reached skill level 5 in Unarmed Combat
  4470 | D:6      | Reached XP level 8. HP: 58/63 MP: 10/10
  4489 | D:6      | Noticed Duvessa
  4489 | D:6      | Noticed Dowan
  4501 | D:6      | Killed Duvessa
  4510 | D:6      | Killed Dowan
  5707 | D:6      | Found a blossoming altar of Fedhas.
  6914 | D:5      | Noticed Ijyb
  6915 | D:5      | Ijyb changed into Ijyb the jelly
  6915 | D:5      | Noticed Ijyb
  6919 | D:5      | Killed Ijyb the jelly
  6920 | D:5      | Reached skill level 5 in Invocations
  6975 | D:5      | Found a runed translucent door.
  6976 | D:5      | Noticed Crazy Yiuf
  6983 | D:5      | Killed Crazy Yiuf
  6992 | D:5      | Identified the +10 hammer "Qoev" {freeze, rElec rC++ Str+3
                  | Dex+3}
  7045 | D:5      | Reached ** piety under Hepliaklqana
  7046 | D:5      | Remembered your ancestor Belanum as a knight
  7062 | D:5      | Killed Grinder
  7063 | D:5      | Reached skill level 1 in Maces & Flails
  7063 | D:5      | Reached XP level 9. HP: 45/71 MP: 11/13
  8565 | D:6      | HP: 2/72 [poisoned by a killer bee]
  8565 | D:6      | Slain by a killer bee

Illustrated notes

Levels and vault maps discovered:
D:1:      nicolae_arrival_escape_room, layout_basic
D:2:      layout_loops_corners
D:3:      layout_basic, gammafunk_temple_overflow_claw
D:4:      layout_loops_ring, minmay_temple_entry_wispy, enter_ossuary_2,
          grunt_ministairs_14
D:5:      layout_basic, uniq_grinder, uniq_eustachio, uniq_crazy_yiuf_cottage,
          uniq_ijyb
D:6:      layout_loops_ring, fedhas_altar_1, hangedman_decor_points,
          uniq_duvessa
D:7:      layout_cave_pools
Temple:   nicolae_temple_two_arcs

Skill      XL: |  1  2  3  4  5  6  7  8  9 |
---------------+----------------------------+-----
Fighting       | 4 5 6 7 |  7.9
Unarmed Combat | 3 4 5 6 |  6.1
Armour         | 4 5 6 7 |  7.3
Shields        | 4 5 6 7 |  7.0
Invocations    | 1 3 5 6 |  6.3
Maces & Flails | 1 4 |  4.2

Action                     |  1- 3 |  4- 6 |  7- 9 || total
---------------------------+-------+-------+-------++-------
  Melee: Unarmed           |   166 |   353 |   249 ||   768
         Mace              |       |       |    60 ||    60
 Invoke: Ancestor Identity |       |       |     1 ||     1
         Recall Ancestor   |       |       |     3 ||     3
         Ancestor Life: Kn |       |       |     1 ||     1
  Evoke: Wand              |       |       |     5 ||     5
    Use: Potion            |       |     3 |     3 ||     6
         Scroll            |       |       |     6 ||     6
   Stab: Distracted        |       |       |     1 ||     1
 Armour: Scale mail        |    58 |       |       ||    58
         Plate armour      |    70 |   281 |   366 ||   717
  Dodge: Dodged            |    50 |   112 |   102 ||   264
  Block: Buckler           |    40 |    53 |    87 ||   180
